 Dungeon Crawl Stone Soup version 0.13-a0-2318-gf5ad1f9 (webtiles) character file.

364 Lekart the Ducker (level 5, 0/44 HPs)
             Began as a Draconian Chaos Knight on July 10, 2013.
             Was a Plaything of Xom.
             Slain by an orc
             ... wielding a +3,+2 orcish short sword
              (3 damage)
             ... while paralysed by a potion of paralysis
             ... on Level 4 of the Dungeon.
             The game lasted 00:09:28 (2453 turns).

Lekart the Ducker (Draconian Chaos Knight)          Turns: 2453, Time: 00:09:28

HP   0/44        AC  6     Str 14      XL: 5   Next: 67%
MP   5/5         EV  2     Int 12      God: Xom
Gold 140         SH  0     Dex 12      Spells:  0 memorised,  4 levels left

Res.Fire  : . . .   See Invis. : .   a - +0 mace (chaos)
Res.Cold  : . . .   Warding    : .   (armour unavailable)
Life Prot.: . . .   Conserve   : .   (no shield)
Res.Poison: .       Res.Corr.  : .   (helmet restricted)
Res.Elec. : .       Clarity    : .   (no cloak)
Sust.Abil.: . .     Spirit.Shd : .   m - +0 pair of gloves
Res.Mut.  : .       Stasis     : .   (no boots)
Res.Rott. : .       Flight     : .   (no amulet)
Saprovore : . . .                    (no ring)
                                     (no ring)

@: paralysed, slowed, slightly resistant to hostile enchantments, unstealthy
A: unfitting armour, AC +5
a: Renounce Religion


You were on level 4 of the Dungeon.
You worshipped Xom.
You were a toy of Xom.
You were not hungry.

You visited 1 branch of the dungeon, and saw 4 of its levels.

You collected 120 gold pieces.

Inventory:

Hand weapons
 a - a +0,+0 mace of chaos (weapon)
Armour
 m - a +0 pair of gloves (worn)
Comestibles
 c - 2 bread rations
Scrolls
 d - a scroll of amnesia
 e - a scroll of fear
 g - a scroll of blinking {unknown}
 h - a scroll of teleportation
 j - 2 scrolls of enchant weapon I
 k - a scroll of magic mapping
Potions
 f - a potion of heal wounds {unknown}
Miscellaneous
 l - a plain deck of summonings


   Skills:
 - Level 3.2 Fighting
 - Level 3.0 Maces & Flails
 + Level 5.6 Dodging


You had 4 spell levels left.
You didn't know any spells.

Dungeon Overview and Level Annotations

Branches:
Dungeon (4/27)
 Temple: D:4-7

Altars:
Fedhas
Nemelex Xobeh
Xom
Zin


Message History

The orc closely misses you. The phantom hits you! The orc barely misses you.
The phantom hits you!
* * * LOW HITPOINT WARNING * * *
The phantom blinks!
Drink which item? (? for menu, Esc to quit)
You suddenly lose the ability to move!
It was a potion of paralysis.
Xom thinks this is hilarious!
The orc hits you but does no damage. It hits you.
* * * LOW HITPOINT WARNING * * *
It hits you.
* * * LOW HITPOINT WARNING * * *
The orc barely misses you.
The phantom hits you but does no damage.
The orc hits you with a glowing orcish mace.
* * * LOW HITPOINT WARNING * * *
It hits you.
* * * LOW HITPOINT WARNING * * *
The orc hits you with an orcish short sword.
You die...
Xom cackles wildly!

############# ################
............. .................
..........##########.....########
..........#........#.....#
..........#........#.....#
..........#....po..#.....#
..######..#.....@..#.....# ..#
#..#######o##.....######## .(#
#............{...p........ ..#
+......................... ..+
#...####....###########[.. ..#
#...# #....# #... ..### #...#
#....# #... ..... .....# #....#
#... ..... .....# #....# #...


You could see a phantom and 2 orcs.

Vanquished Creatures
  The ghost of smajdalf the Ruinous, an average DrCj (D:3)
  An orc priest (D:3)
  A hound skeleton (D:4)
  5 adders
  3 giant geckos (D:1)
  3 orcs (D:3)
  8 bats
  6 giant cockroaches
  10 goblins
  6 hobgoblins
  A quokka (D:3)
  5 giant newts
  5 kobolds
  7 rats
62 creatures vanquished.

Vanquished Creatures (others)
  A rat (D:2)
1 creature vanquished.

Grand Total: 63 creatures vanquished

Notes
Turn   | Place    | Note
--------------------------------------------------------------
     0 | D:1      | Lekart, the Draconian Chaos Knight, began the quest for the Orb.
     0 | D:1      | Reached XP level 1. HP: 17/17 MP: 1/1
    42 | D:1      | XOM: harmless Necr miscast
   161 | D:1      | XOM: silly message
   170 | D:1      | Reached XP level 2. HP: 21/24 MP: 2/2
   538 | D:1      | XOM: colour smoke trail
   701 | D:2      | Reached XP level 3. HP: 28/30 MP: 3/3
   711 | D:2      | Found a glowing silver altar of Zin.
   897 | D:2      | XOM: noise
   911 | D:2      | XOM: divination: detect items
   914 | D:2      | Found a blossoming altar of Fedhas.
   919 | D:2      | XOM: harmless Chrm miscast
   956 | D:2      | Reached skill level 4 in Dodging
   995 | D:2      | Reached XP level 4. HP: 29/37 MP: 4/4
  1090 | D:2      | XOM: cast spell 'Spider Form'
  1537 | D:3      | Found a sparkling altar of Nemelex Xobeh.
  1759 | D:3      | Noticed smajdalf's ghost (average DrCj)
  1762 | D:3      | Killed smajdalf's ghost
  1762 | D:3      | Reached skill level 5 in Dodging
  1762 | D:3      | Reached XP level 5. HP: 39/44 MP: 5/5
  2055 | D:3      | XOM: scenery: create altars
  2326 | D:4      | XOM: god gift: scroll labeled THOSHE COLI
  2414 | D:4      | Noticed a phantom
  2451 | D:4      | Paralysed by a potion of paralysis for 6 turns
  2452 | D:4      | HP: 2/44 [something (1)]
  2453 | D:4      | Slain by an orc

Action                   |  1- 3 |  4- 6 || total
-------------------------+-------+-------++-------
Melee: Mace              |    99 |   106 ||   205
  Use: Scroll            |       |     5 ||     5
       Potion            |       |     4 ||     4
 Stab: Sleeping          |     1 |     1 ||     2
       Paralysed         |     1 |     3 ||     4
       Petrified         |       |     3 ||     3
